Map: [ESL] Royal Blood

Players

Dark - Winner!

  • Race: Zerg Zerg

Creator

  • Race: Protoss Protoss

Event: IEM Katowice 2023

VOD

Have the link to the VOD?

Description

Time

  • Played on: Feb. 11, 2023, 2:20 p.m.
  • Length: 13:20

All games in this series

Show
View Real Time Build Order
Export as new Build Order

Dark Zerg - Winner!

Build Orders: Hatch First 

Get SALT Encoding   

  12  0:00  Drone  
  13  0:12  Overlord  
  13  0:17  Drone  
  14  0:30  Drone x2  
  14  0:33  Drone  
  17  0:51  Hatchery  
  17  0:55  Drone  
  17  0:57  Drone  
  18  1:08  Extractor  
  17  1:12  Spawning Pool  
  17  1:15  Drone  
  17  1:19  Drone  
  18  1:27  Drone  
  19  1:38  Drone  
  20  1:50  Drone  
  21  2:00  Zergling x2  
  22  2:02  Queen x2  
  22  2:03  Zergling x2  
  27  2:10  Metabolic Boost  
  27  2:12  Overlord  
  27  2:20  Drone  
  28  2:32  Drone x3  
  31  2:40  Hatchery  
  31  2:43  Zergling x4  
  32  2:48  Queen  
  34  2:55  Spore Crawler  
  32  2:58  Extractor, Drone x2  
  32  3:02  Drone  
  33  3:06  Drone  
  35  3:13  Overlord  
  35  3:17  Extractor, Queen  
  37  3:31  Overlord, Queen  
  37  3:32  Zergling x4  
  37  3:33  Drone  
  37  3:34  Drone  
  43  3:39  Drone  
  44  3:44  Overlord  
  44  3:51  Drone x3  
  44  3:52  Drone  
  48  3:56  Drone  
  48  3:57  Drone  
  48  3:59  Drone x2  
  48  4:02  Queen  
  53  4:05  Drone  
  54  4:10  Drone  
  54  4:14  Drone  
  55  4:19  Drone x2  
  55  4:21  Spore Crawler  
  55  4:22  Drone x2  
  58  4:24  Spore Crawler  
  58  4:25  Drone  
  58  4:28  Drone x2  
  60  4:32  Overlord  
  60  4:33  Drone  
  60  4:34  Drone  
  60  4:37  Evolution Chamber  
  60  4:38  Overlord  
  61  4:41  Overlord  
  60  4:49  Drone  
  58  4:54  Drone x3  
  58  4:55  Drone x2  
  58  4:56  Drone  
  58  4:59  Drone  
  65  5:00  Drone  
  65  5:02  Drone  
  65  5:03  Drone  
  65  5:04  Drone x2  
  65  5:05  Zerg Melee Weapons Level 1  
  65  5:06  Drone  
  71  5:08  Drone  
  71  5:10  Drone  
  72  5:16  Zergling x4  
  72  5:18  Drone x2  
  72  5:19  Drone  
  77  5:25  Extractor  
  77  5:26  Extractor  
  77  5:28  Hatchery  
  74  5:29  Drone x2  
  74  5:30  Drone  
  74  5:32  Drone  
  78  5:35  Lair  
  78  5:37  Roach Warren  
  78  5:40  Drone x2  
  78  5:42  Zergling x6  
  81  5:43  Overlord  
  81  5:45  Overlord  
  81  5:49  Overlord  
  81  5:54  Extractor, Overlord  
  80  6:02  Drone x3  
  82  6:04  Drone x2  
  82  6:05  Drone x5  
  82  6:06  Extractor  
  82  6:09  Drone x3  
  82  6:10  Drone x2  
  88  6:21  Roach x3  
  94  6:26  Roach  
  94  6:27  Roach  
  94  6:29  Drone x5  
  94  6:32  Drone, Glial Reconstitution  
  100  6:35  Drone  
  100  6:37  Baneling Nest, Evolution Chamber  
  97  6:41  Drone  
  97  6:42  Drone  
  97  6:43  Drone  
  97  6:44  Hatchery  
  97  6:45  Drone x2  
  97  6:47  Drone  
  102  6:50  Drone  
  102  6:55  Drone x2  
  102  6:56  Drone x2  
  102  6:57  Drone  
  102  6:58  Drone x2  
  102  6:59  Overlord  
  109  7:04  Zerg Melee Weapons Level 2  
  108  7:09  Zerg Missile Weapons Level 1  
  108  7:12  Roach x4  
  108  7:14  Roach  
  118  7:16  Extractor  
  118  7:17  Roach, Spore Crawler  
  118  7:18  Roach  
  118  7:21  Overlord  
  124  7:22  Roach  
  124  7:23  Roach  
  124  7:25  Centrifugal Hooks  
  124  7:30  Overlord  
  124  7:34  Overlord  
  124  7:37  Drone  
  124  7:43  Drone x2  
  127  7:44  Infestation Pit  
  127  7:48  Drone x7  
  131  7:51  Extractor  
  131  7:55  Zergling x2  
  131  7:56  Zergling x22  
  142  7:59  Zergling x10  
  142  8:02  Ravager x4  
  151  8:08  Roach x3  
  151  8:09  Overlord  
  151  8:10  Overlord x2  
  157  8:16  Hatchery  
  157  8:19  Overseer  
  156  8:25  Drone x2  
  156  8:26  Hive  
  158  8:29  Zergling x16  
  166  8:37  Zergling x10  
  170  8:47  Zergling x14  
  177  8:51  Overlord x3  
  177  8:52  Overlord  
  177  8:57  Zergling x2  
  177  8:58  Zergling x8  
  177  9:01  Overlord  
  181  9:05  Baneling x26  
  181  9:06  Baneling  
  181  9:07  Baneling x2  
  181  9:09  Baneling x3  
  181  9:10  Baneling x2  
  181  9:11  Zergling x2  
  181  9:12  Zergling x2  
  182  9:18  Zergling x14  
  188  9:25  Zerg Missile Weapons Level 2  
  182  9:33  Zergling x6  
  182  9:34  Zergling x22  
  178  9:42  Zergling x14  
  178  9:45  Zergling x6  
  180  9:52  Adrenal Glands  
  177  9:55  Ravager x7  
  177  9:56  Zergling x10  
  177  9:58  Baneling x4  
  177  9:59  Baneling x2  
  189  10:02  Zergling x8  
  192  10:15  Zerg Melee Weapons Level 3  
  192  10:16  Baneling  
  192  10:19  Drone  
  175  10:29  Zergling x24  
  175  10:30  Zergling x26  
  197  10:49  Zergling x6  
  198  10:50  Baneling x6  
  198  10:51  Baneling x3  
  197  10:57  Zergling x8  
  197  10:59  Baneling  
  197  11:00  Baneling x3  
  199  11:05  Hatchery  
  199  11:08  Baneling x9  
  181  11:20  Zergling x46  
  191  11:32  Zergling x30  
  198  11:39  Baneling x15  
  198  11:40  Baneling x3, Zergling x2  
  198  11:43  Baneling x2  
  199  11:53  Zergling x10  
  197  11:59  Spine Crawler  
  193  12:01  Spine Crawler  
  193  12:03  Zergling x18  
  193  12:06  Overlord  
  197  12:11  Overlord x2  
  176  12:17  Overlord  
  176  12:18  Overlord  
  168  12:26  Zergling x26  
  170  12:30  Zergling x2  
  170  12:31  Zergling x8  
  170  12:32  Zergling x6  
  170  12:34  Zergling x6  
  166  12:42  Zergling x14  
  171  12:49  Zergling x12  
  172  12:55  Zergling x2  
  162  13:01  Hatchery  
  162  13:03  Zergling x4  
Show
View Real Time Build Order
Export as new Build Order

Creator Protoss 

Build Orders: 1 Gate Expand, Oracle Opening, Archon Immortal 

Get SALT Encoding   

  12  0:00  Probe  
  13  0:13  Pylon  
  13  0:17  Probe (Chrono Boost)  
  14  0:26  Probe (Chrono Boost)  
  15  0:31  Probe (Chrono Boost)  
  16  0:38  Gateway  
  16  0:43  Probe  
  16  0:47  Assimilator  
  17  0:55  Probe  
  18  1:07  Probe  
  19  1:19  Probe  
  20  1:25  Nexus  
  20  1:34  Cybernetics Core  
  20  1:37  Probe  
  21  1:44  Assimilator  
  21  1:49  Probe  
  21  1:53  Pylon  
  22  2:01  Probe  
  23  2:09  Adept (Chrono Boost)  
  23  2:13  Probe  
  26  2:18  Stargate  
  26  2:25  Probe  
  26  2:27  Warp Gate  
  26  2:29  Adept (Chrono Boost)  
  29  2:37  Probe (Chrono Boost)  
  29  2:41  Probe (Chrono Boost)  
  31  2:49  Probe (Chrono Boost)  
  32  2:52  Adept  
  32  2:57  Probe x2 (Chrono Boost)  
  36  3:01  Oracle (Chrono Boost)  
  39  3:07  Probe x2  
  41  3:15  Pylon  
  41  3:19  Probe  
  43  3:20  Probe  
  43  3:31  Gateway, Probe  
  43  3:32  Probe  
  45  3:40  Void Ray (Chrono Boost)  
  49  3:43  Probe  
  49  3:44  Probe  
  49  3:47  Pylon  
  51  3:57  Probe  
  51  4:01  Nexus  
  52  4:03  Probe  
  52  4:06  Pylon  
  53  4:11  Oracle  
  56  4:18  Adept  
  58  4:25  Probe x2  
  58  4:28  Adept  
  62  4:34  Assimilator  
  62  4:36  Assimilator  
  62  4:37  Probe x2  
  64  4:40  Robotics Facility  
  64  4:49  Probe x2  
  64  4:51  Gateway  
  66  4:53  Adept  
  66  4:54  Shield Battery  
  66  4:56  Adept  
  70  5:07  Pylon, Forge  
  70  5:13  Probe x2 (Chrono Boost)  
  72  5:15  Sentry, Probe (Chrono Boost)  
  75  5:24  Probe x3 (Chrono Boost)  
  75  5:26  Twilight Council  
  75  5:27  Observer  
  79  5:28  Probe x2 (Chrono Boost)  
  79  5:29  Probe (Chrono Boost)  
  79  5:31  Oracle  
  79  5:33  Pylon  
  85  5:41  Protoss Ground Weapons Level 1, Probe (Chrono Boost)  
  88  5:44  Assimilator, Probe (Chrono Boost)  
  88  5:45  Probe (Chrono Boost)  
  88  5:46  Assimilator  
  89  5:50  Probe (Chrono Boost)  
  89  5:52  Immortal (Chrono Boost)  
  89  5:53  Probe (Chrono Boost)  
  94  5:59  Probe x2  
  94  6:01  Pylon  
  96  6:08  Zealot, Sentry  
  100  6:25  Warp Prism (Chrono Boost)  
  99  6:26  Robotics Bay  
  99  6:27  Robotics Facility  
  99  6:33  Probe x3  
  94  6:46  Charge  
  94  6:48  Templar Archives  
  94  6:49  Pylon  
  94  6:51  Gateway  
  94  6:52  Gateway  
  94  6:58  Observer  
  98  7:03  Gateway  
  98  7:04  Zealot x3  
  104  7:08  Pylon  
  104  7:11  Pylon, Colossus (Chrono Boost)  
  104  7:15  Colossus (Chrono Boost)  
  112  7:21  Probe  
  113  7:23  Nexus, Probe  
  113  7:29  Photon Cannon  
  114  7:30  Phoenix  
  116  7:37  Adept  
  116  7:38  Adept  
  120  7:47  Probe x3  
  120  7:48  Pylon  
  120  7:50  Pylon  
  123  7:53  Colossus (Chrono Boost)  
  123  7:54  Photon Cannon  
  133  8:00  Protoss Ground Weapons Level 2 (Chrono Boost), Observer  
  133  8:03  Pylon  
  133  8:04  Pylon  
  133  8:05  Immortal (Chrono Boost)  
  133  8:06  Phoenix  
  133  8:09  Extended Thermal Lance  
  133  8:10  Probe x3  
  138  8:17  Zealot x2  
  138  8:19  Photon Cannon  
  142  8:21  Shield Battery  
  142  8:26  Photon Cannon  
  142  8:27  High Templar x2, Zealot  
  142  8:33  Archon  
  148  8:36  Immortal (Chrono Boost)  
  148  8:40  Zealot  
  154  8:42  Zealot x2  
  154  8:43  Immortal (Chrono Boost)  
  162  8:48  Probe x2  
  164  9:00  High Templar x2  
  168  9:05  Photon Cannon  
  168  9:07  Archon  
  168  9:08  Immortal  
  168  9:09  Pylon  
  172  9:11  Pylon  
  172  9:12  Gateway  
  172  9:13  Pylon  
  166  9:25  High Templar x2, Zealot x2  
  166  9:27  Immortal  
  172  9:36  Stalker x2  
  146  9:40  Probe x3  
  146  9:41  Probe  
  143  9:47  Immortal  
  145  9:52  Assimilator  
  145  9:54  Assimilator, Phoenix  
  147  10:03  Gateway  
  147  10:04  Probe x2  
  147  10:05  Probe  
  147  10:06  Probe  
  151  10:12  High Templar  
  151  10:13  High Templar, Zealot  
  155  10:21  Archon  
  155  10:27  Zealot x2  
  147  10:36  High Templar x2, Zealot  
  147  10:41  Archon  
  153  10:46  Zealot x2  
  155  10:50  Immortal (Chrono Boost)  
  159  11:03  Observer (Chrono Boost)  
  160  11:06  Probe x2  
  160  11:07  Photon Cannon, Probe x2  
  160  11:08  High Templar x2  
  168  11:13  Archon  
  168  11:15  Zealot x6  
  150  11:35  Pylon  
  150  11:36  Pylon  
  150  11:39  Pylon  
  148  11:43  High Templar x4  
  156  11:49  Archon x2  
  156  11:54  Pylon  
  156  11:55  Pylon, Stalker x4  
  134  12:09  Pylon  
  134  12:14  Pylon  
  130  12:16  Pylon  
  130  12:17  Pylon  
  130  12:18  Stalker  
  130  12:19  Stalker x2  
  135  12:25  Zealot x4  
  97  12:47  Zealot x4  

Tags
 
Add a new tag
Caveats
  • Supply blocks, unpowered buildings, or Contaminate may cause inaccurate times.
  • Supply counts are checked every 10 seconds.